3A
IDAHO FALLS CHUKARS @ MANCELONA TORCH
08/18/2038
 
TOP OF THE 1ST
Idaho Falls Chukars batting - Pitching for Mancelona Torch : RHP Lucas Gameiro
Pitching: RHP Lucas Gameiro
Batting: LHB Ronald Lithgoe 0-0: Called Strike
0-1: Swinging Strike
0-2: Strikes out swinging
Batting: RHB Javier Botín 0-0: Called Strike
0-1: Swinging Strike
0-2: Ball
1-2: Ground out 6-3 (Groundball, 6D, EV 106.9 MPH)
Batting: RHB Vinnie Nuyten 0-0: SINGLE (Flyball, 78S, EV 89.4 MPH)
Batting: LHB Doyle Berkey 0-0: Ball
Vinnie Nuyten steals 2nd base
1-0: Swinging Strike
1-1: Ball
2-1: Foul Ball, location: 2F
2-2: Ball
3-2: Fly out, F8 (Line Drive, 8LD, EV 92.5 MPH)
Top of the 1st over - 0 runs, 1 hit, 0 errors, 1 left on base; Idaho Falls 0 - Mancelona 0
BOTTOM OF THE 1ST
Mancelona Torch batting - Pitching for Idaho Falls Chukars : RHP Poom Saksansin
Pitching: RHP Poom Saksansin
Batting: RHB Thinley Tshering 0-0: Called Strike
0-1: Ball
1-1: Ball
2-1: Swinging Strike
2-2: Ball
3-2: Base on Balls
Batting: RHB Ken Joyner 0-0: Fly out, F8 (Line Drive, 8RD, EV 88.8 MPH)
Batting: SHB Silvio Capitanio 0-0: Fly out, F6 (Popup, 6S, EV 65.6 MPH)
Batting: LHB Diego Alejandro Ureña 0-0: Ball
1-0: Foul Ball, location: 2F
1-1: Fly out, F2 (Popup, 2LF, EV 90.6 MPH)
Bottom of the 1st over - 0 runs, 0 hits, 0 errors, 1 left on base; Idaho Falls 0 - Mancelona 0
TOP OF THE 2ND
Idaho Falls Chukars batting - Pitching for Mancelona Torch : RHP Lucas Gameiro
Batting: RHB César Vélez 0-0: Ball
1-0: Ground out 6-3 (Groundball, 6, EV 84.4 MPH)
Batting: LHB Emosi Whiu 0-0: Called Strike
0-1: Ball
1-1: Swinging Strike
1-2: Ball
2-2: SINGLE (Groundball, 6D, EV 110.0 MPH)
Batting: SHB Oscar Henson 0-0: Fielders Choice at 2nd, 1-6 (Groundball, P, EV 89.4 MPH)
Batting: RHB Jon Walker 0-0: Ball
Oscar Henson is caught stealing 2nd base 2-4
Top of the 2nd over - 0 runs, 1 hit, 0 errors, 0 left on base; Idaho Falls 0 - Mancelona 0
BOTTOM OF THE 2ND
Mancelona Torch batting - Pitching for Idaho Falls Chukars : RHP Poom Saksansin
Batting: RHB Cam Lumsden 0-0: Ball
1-0: Ball
2-0: Called Strike
2-1: Foul Ball, location: 2F
2-2: Foul Ball, location: 2F
2-2: Ball
3-2: Strikes out swinging
Batting: LHB Jared Schneider 0-0: Fly out, F7 (Flyball, 78M, EV 86.2 MPH)
Batting: RHB Cristóbal Arroyo 0-0: Fly out, F9 (Flyball, 89D, EV 94.4 MPH)
Bottom of the 2nd over - 0 runs, 0 hits, 0 errors, 0 left on base; Idaho Falls 0 - Mancelona 0
TOP OF THE 3RD
Idaho Falls Chukars batting - Pitching for Mancelona Torch : RHP Lucas Gameiro
Batting: RHB Jon Walker 0-0: Ball
1-0: Called Strike
1-1: Called Strike
1-2: Ball
2-2: Ball
3-2: Foul Ball, location: 2F
3-2: Foul Ball, location: 2F
3-2: Foul Ball, location: 2F
3-2: Ground out 4-3 (Groundball, 34, EV 97.5 MPH)
Batting: RHB Kel Warren 0-0: Called Strike
0-1: Ball
1-1: Ground out 5-3 (Groundball, 56, EV 104.4 MPH)
Batting: LHB Ronald Lithgoe 0-0: Ball
1-0: Ball
2-0: Called Strike
2-1: Swinging Strike
2-2: Foul Ball, location: 2F
2-2: Strikes out looking
Top of the 3rd over - 0 runs, 0 hits, 0 errors, 0 left on base; Idaho Falls 0 - Mancelona 0
BOTTOM OF THE 3RD
Mancelona Torch batting - Pitching for Idaho Falls Chukars : RHP Poom Saksansin
Batting: RHB Tristan Powell 0-0: Ball
1-0: Ball
2-0: Ball
3-0: Called Strike
3-1: Fly out, F7 (Flyball, 7LM, EV 75.0 MPH)
Batting: RHB Izaak Gerkis 0-0: Ball
1-0: Fly out, F7 (Line Drive, 7, EV 91.9 MPH)
Batting: RHB Thinley Tshering 0-0: Called Strike
0-1: Foul Ball, location: 2F
0-2: Fly out, F8 (Flyball, 78M, EV 77.5 MPH)
Bottom of the 3rd over - 0 runs, 0 hits, 0 errors, 0 left on base; Idaho Falls 0 - Mancelona 0
TOP OF THE 4TH
Idaho Falls Chukars batting - Pitching for Mancelona Torch : RHP Lucas Gameiro
Batting: RHB Javier Botín 0-0: Ball
1-0: Ball
2-0: SINGLE (Groundball, 56, EV 88.8 MPH) (infield hit)
Batting: RHB Vinnie Nuyten 0-0: Ball
Javier Botín steals 2nd base
1-0: Ball
2-0: Called Strike
2-1: DOUBLE (Line Drive, 9LM, EV 108.8 MPH)
Javier Botín scores
Batting: LHB Doyle Berkey 0-0: Ball
1-0: Ball
2-0: Fly out, F7 (Flyball, 7, EV 91.9 MPH)
Batting: RHB César Vélez 0-0: Called Strike
Vinnie Nuyten steals 3rd base
0-1: Ball
1-1: Called Strike
1-2: Foul Ball, location: 2F
1-2: Strikes out swinging
Batting: LHB Emosi Whiu 0-0: Ground out 4-3 (Groundball, 4, EV 83.1 MPH)
Top of the 4th over - 1 run, 2 hits, 0 errors, 1 left on base; Idaho Falls 1 - Mancelona 0
BOTTOM OF THE 4TH
Mancelona Torch batting - Pitching for Idaho Falls Chukars : RHP Poom Saksansin
Batting: RHB Ken Joyner 0-0: Ball
1-0: Fly out, F9 (Line Drive, 9, EV 93.1 MPH)
Batting: SHB Silvio Capitanio 0-0: Called Strike
0-1: Ball
1-1: Ball
2-1: Called Strike
2-2: Ball
3-2: Fly out, F9 (Flyball, 9LM, EV 75.0 MPH)
Batting: LHB Diego Alejandro Ureña 0-0: DOUBLE (Line Drive, 78D, EV 106.9 MPH)
Batting: RHB Cam Lumsden 0-0: Called Strike
0-1: Swinging Strike
0-2: Ball
1-2: Strikes out looking
Bottom of the 4th over - 0 runs, 1 hit, 0 errors, 1 left on base; Idaho Falls 1 - Mancelona 0
TOP OF THE 5TH
Idaho Falls Chukars batting - Pitching for Mancelona Torch : RHP Lucas Gameiro
Batting: SHB Oscar Henson 0-0: Ball
1-0: Called Strike
1-1: Ball
2-1: DOUBLE (Line Drive, 89M, EV 96.9 MPH)
Batting: RHB Jon Walker 0-0: Swinging Strike
0-1: Ball
1-1: Swinging Strike
1-2: Strikes out swinging
Batting: RHB Kel Warren 0-0: Ball
1-0: Called Strike
1-1: Ball
2-1: Foul Ball, location: 2F
2-2: SINGLE (Line Drive, 8RS, EV 91.9 MPH)
Oscar Henson to third
Runner from 3rd tries for Home, SAFE, no throw by CF
Batting: LHB Ronald Lithgoe 0-0: Ball
1-0: Called Strike
1-1: Foul Ball, location: 2F
1-2: Foul Ball, location: 2F
1-2: Foul Ball, location: 2F
1-2: SINGLE (Line Drive, 4M, EV 105.0 MPH)
Kel Warren to second
Batting: RHB Javier Botín 0-0: Ball
1-0: Ball
2-0: Reached on error, E3 (Groundball, 3L, EV 84.4 MPH)
Kel Warren to third
Ronald Lithgoe to second
Batting: RHB Vinnie Nuyten 0-0: Ball
1-0: Fly out, F8 (Line Drive, 8RM, EV 103.8 MPH)
Runner from 3rd tags up, SCORES, throw by CF
Batting: LHB Doyle Berkey 0-0: Foul Ball, location: 2F
0-1: Ball
1-1: Ball
2-1: 3-RUN HOME RUN (Flyball, 9LD, EV 105.6 MPH), Distance : 332 ft
Batting: RHB César Vélez 0-0: Called Strike
0-1: Ball
1-1: Called Strike
1-2: Ground out 5-3 (Groundball, 5, EV 100.6 MPH)
Top of the 5th over - 5 runs, 4 hits, 1 error, 0 left on base; Idaho Falls 6 - Mancelona 0
BOTTOM OF THE 5TH
Mancelona Torch batting - Pitching for Idaho Falls Chukars : RHP Poom Saksansin
Batting: LHB Jared Schneider 0-0: Swinging Strike
0-1: Called Strike
0-2: DOUBLE (Line Drive, 78D, EV 112.5 MPH)
Batting: RHB Cristóbal Arroyo 0-0: Fly out, F3 (Popup, 3SF, EV 75.6 MPH)
Batting: RHB Tristan Powell 0-0: Called Strike
0-1: Ball
1-1: SINGLE (Line Drive, 89S, EV 103.1 MPH)
Jared Schneider to third
Batting: RHB Izaak Gerkis 0-0: Ball
1-0: Ball
2-0: Foul Ball, location: 2F
2-1: Swinging Strike
2-2: Ball
3-2: Foul Ball, location: 2F
3-2: SINGLE (Flyball, 7LS, EV 91.9 MPH)
Jared Schneider scores
Tristan Powell to second
Tristan Powell to third
Batting: RHB Thinley Tshering 0-0: Called Strike
0-1: Ball
1-1: SINGLE (Groundball, 56D, EV 108.1 MPH)
Tristan Powell scores
Izaak Gerkis to second
Batting: RHB Ken Joyner 0-0: Ball
1-0: Ball
2-0: SINGLE (Line Drive, 4M, EV 107.5 MPH)
Izaak Gerkis to third
Thinley Tshering to second
Batting: SHB Silvio Capitanio 0-0: Called Strike
0-1: Swinging Strike
0-2: Grounds into fielders choice 3-2 (Groundball, 3, EV 91.2 MPH)
Thinley Tshering to third
Ken Joyner to second
Batting: LHB Diego Alejandro Ureña 0-0: Ball
1-0: Ball
2-0: Ball
3-0: Base on Balls
Thinley Tshering scores
Ken Joyner to third
Silvio Capitanio to second
Batting: RHB Cam Lumsden 0-0: Ball
1-0: SINGLE (Line Drive, 8LS, EV 104.4 MPH)
Ken Joyner scores
Silvio Capitanio to third
Diego Alejandro Ureña to second
Runner from 3rd tries for Home, SAFE, throw by CF to home
Pitching: LHP Kevin Parker
Batting: LHB Jared Schneider 0-0: Fly out, F8 (Flyball, 78D, EV 78.8 MPH)
Bottom of the 5th over - 5 runs, 6 hits, 0 errors, 2 left on base; Idaho Falls 6 - Mancelona 5
TOP OF THE 6TH
Idaho Falls Chukars batting - Pitching for Mancelona Torch : RHP Lucas Gameiro
Pitching: RHP George Kipcak
Batting: LHB Emosi Whiu 0-0: Ground out U3 (Groundball, 34, EV 80.6 MPH)
Batting: SHB Oscar Henson 0-0: Called Strike
0-1: Foul Ball, location: 2F
0-2: SINGLE (Groundball, 34D, EV 100.0 MPH)
Batting: RHB Jon Walker 0-0: Ball
1-0: Foul Ball, location: 2F
1-1: Ball
2-1: Ball
3-1: Swinging Strike
3-2: Ground out 6-3 (Groundball, 6, EV 82.5 MPH)
Oscar Henson to second
Batting: RHB Kel Warren 0-0: Called Strike
0-1: Ball
1-1: Foul Ball, location: 2F
1-2: Ball
2-2: Foul Ball, location: 2F
2-2: Ball
3-2: Ground out U3 (Groundball, 3S, EV 81.9 MPH)
Top of the 6th over - 0 runs, 1 hit, 0 errors, 1 left on base; Idaho Falls 6 - Mancelona 5
BOTTOM OF THE 6TH
Mancelona Torch batting - Pitching for Idaho Falls Chukars : LHP Kevin Parker
Batting: RHB Cristóbal Arroyo 0-0: Ball
1-0: Ball
2-0: Called Strike
2-1: Ground out 5-3 (Groundball, 56S, EV 87.5 MPH)
Batting: RHB Tristan Powell 0-0: Ground out U3 (Groundball, 3L, EV 100.6 MPH)
Batting: RHB Izaak Gerkis 0-0: Called Strike
0-1: Ball
1-1: Ground out 6-3 (Groundball, 56, EV 105.0 MPH)
Bottom of the 6th over - 0 runs, 0 hits, 0 errors, 0 left on base; Idaho Falls 6 - Mancelona 5
TOP OF THE 7TH
Idaho Falls Chukars batting - Pitching for Mancelona Torch : RHP George Kipcak
Batting: LHB Ronald Lithgoe 0-0: SINGLE (Flyball, 9LM, EV 91.9 MPH)
Batting: RHB Javier Botín 0-0: Called Strike
Ronald Lithgoe steals 2nd base
0-1: Ball
1-1: Foul Ball, location: 2F
1-2: Foul Ball, location: 2F
1-2: Ball
2-2: Ball
3-2: Ground out 4-3 (Groundball, 4, EV 86.2 MPH)
Ronald Lithgoe to third
Batting: RHB Vinnie Nuyten 0-0: Intentional Walk
Batting: LHB Doyle Berkey 0-0: Called Strike
0-1: Ball
1-1: Swinging Strike
1-2: Strikes out swinging
Batting: RHB César Vélez 0-0: Ball
1-0: Fly out, F7 (Flyball, 7S, EV 88.8 MPH)
Top of the 7th over - 0 runs, 1 hit, 0 errors, 2 left on base; Idaho Falls 6 - Mancelona 5
BOTTOM OF THE 7TH
Mancelona Torch batting - Pitching for Idaho Falls Chukars : LHP Kevin Parker
Batting: RHB Thinley Tshering 0-0: SINGLE (Groundball, 56D, EV 101.9 MPH)
Batting: RHB Ken Joyner 0-0: Grounds into double play, 4-6-3 (Groundball, 34, EV 104.4 MPH)
Batting: SHB Silvio Capitanio 0-0: SINGLE (Groundball, 6MD, EV 97.5 MPH)
Batting: LHB Diego Alejandro Ureña 0-0: Ball
1-0: Ball
2-0: Foul Ball, location: 2F
2-1: Swinging Strike
2-2: Strikes out swinging
Bottom of the 7th over - 0 runs, 2 hits, 0 errors, 1 left on base; Idaho Falls 6 - Mancelona 5
TOP OF THE 8TH
Idaho Falls Chukars batting - Pitching for Mancelona Torch : RHP George Kipcak
Batting: LHB Emosi Whiu 0-0: Fly out, F9 (Flyball, 9LD, EV 83.8 MPH)
Batting: SHB Oscar Henson 0-0: Ball
1-0: Ground out 4-3 (Groundball, 4M, EV 78.8 MPH)
Batting: RHB Jon Walker 0-0: Swinging Strike
0-1: Ball
1-1: Called Strike
1-2: Strikes out looking
Top of the 8th over - 0 runs, 0 hits, 0 errors, 0 left on base; Idaho Falls 6 - Mancelona 5
BOTTOM OF THE 8TH
Mancelona Torch batting - Pitching for Idaho Falls Chukars : LHP Kevin Parker
Batting: RHB Cam Lumsden 0-0: Ball
1-0: Fly out, F4 (Popup, 34, EV 66.9 MPH)
Batting: LHB Jared Schneider 0-0: Fly out, F8 (Line Drive, 8RM, EV 87.5 MPH)
Batting: RHB Cristóbal Arroyo 0-0: Reached on error, E6 (Groundball, 6, EV 90.6 MPH)
Pitching: RHP Muoi Hoan
Batting: RHB Tristan Powell 0-0: Called Strike
0-1: Swinging Strike
0-2: Ball
1-2: Foul Ball, location: 2F
1-2: SINGLE (Line Drive, 6MD, EV 97.5 MPH)
Cristóbal Arroyo to third
Runner from 3rd tries for Home, SAFE, throw by CF to home
Batting: RHB Izaak Gerkis 0-0: Ball
1-0: Called Strike
1-1: Ball
2-1: Ball
3-1: SINGLE (Line Drive, 89S, EV 103.8 MPH)
Tristan Powell to second
Batting: RHB Thinley Tshering 0-0: Ball
1-0: Ground out U3 (Groundball, 34, EV 81.2 MPH)
Bottom of the 8th over - 1 run, 2 hits, 1 error, 2 left on base; Idaho Falls 6 - Mancelona 6
TOP OF THE 9TH
Idaho Falls Chukars batting - Pitching for Mancelona Torch : RHP George Kipcak
Batting: RHB Kel Warren 0-0: Ball
1-0: Foul Ball, location: 2F
1-1: Foul Ball, location: 2F
1-2: Ball
2-2: Ground out 6-3 (Groundball, 6, EV 93.8 MPH)
Batting: LHB Ronald Lithgoe 0-0: Called Strike
0-1: Ball
1-1: Ball
2-1: Foul Ball, location: 2F
2-2: SINGLE (Groundball, 4MD, EV 104.4 MPH)
Pitching: RHP Amadi Azagba
Pinch Hitting: SHB Joe Middleton 0-0: Foul Ball, location: 2F
0-1: Fly out, F8 (Flyball, 8LD, EV 75.6 MPH)
Runner from 1st tags up, SAFE at 2nd
Batting: RHB Vinnie Nuyten 0-0: Intentional Walk
Batting: LHB Doyle Berkey 0-0: Ball
1-0: Ground out U3 (Groundball, 3S, EV 90.6 MPH)
Top of the 9th over - 0 runs, 1 hit, 0 errors, 2 left on base; Idaho Falls 6 - Mancelona 6
BOTTOM OF THE 9TH
Mancelona Torch batting - Pitching for Idaho Falls Chukars : RHP Muoi Hoan
Now in LF: Bobby McGrady
Batting: RHB Ken Joyner 0-0: Called Strike
0-1: Ball
1-1: Ground out 6-3 (Groundball, 56, EV 90.0 MPH)
Batting: SHB Silvio Capitanio 0-0: Called Strike
0-1: Called Strike
0-2: Ball
1-2: Fly out, F8 (Flyball, 89S, EV 80.0 MPH)
Batting: LHB Diego Alejandro Ureña 0-0: Ball
1-0: Swinging Strike
1-1: Foul Ball, location: 2F
1-2: Ball
2-2: Foul Ball, location: 2F
2-2: DOUBLE (Line Drive, 89XD, EV 111.9 MPH)
Batting: RHB Cam Lumsden 0-0: Called Strike
0-1: Foul Ball, location: 2F
0-2: Ball
1-2: Ball
2-2: Foul Ball, location: 2F
2-2: Ball
3-2: Strikes out swinging
Bottom of the 9th over - 0 runs, 1 hit, 0 errors, 1 left on base; Idaho Falls 6 - Mancelona 6
TOP OF THE 10TH
Idaho Falls Chukars batting - Pitching for Mancelona Torch : RHP Amadi Azagba
Batting: RHB César Vélez 0-0: Called Strike
0-1: Called Strike
0-2: Foul Ball, location: 2F
0-2: Ball
1-2: Strikes out swinging
Batting: LHB Emosi Whiu 0-0: Ball
1-0: Ball
2-0: Ball
3-0: Called Strike
3-1: Foul Ball, location: 2F
3-2: Strikes out swinging
Batting: SHB Oscar Henson 0-0: Called Strike
0-1: Ball
1-1: Foul Ball, location: 2F
1-2: Foul Ball, location: 2F
1-2: Ball
2-2: Strikes out swinging
Top of the 10th over - 0 runs, 0 hits, 0 errors, 0 left on base; Idaho Falls 6 - Mancelona 6
BOTTOM OF THE 10TH
Mancelona Torch batting - Pitching for Idaho Falls Chukars : RHP Muoi Hoan
Batting: LHB Jared Schneider 0-0: Foul Ball, location: 2F
0-1: Called Strike
0-2: Foul Ball, location: 2F
0-2: Foul Ball, location: 2F
0-2: Foul Ball, location: 2F
0-2: SINGLE (Line Drive, 9LS, EV 99.4 MPH)
Pitching: RHP Masao Myoga
Batting: RHB Cristóbal Arroyo 0-0: Called Strike
0-1: Called Strike
Jared Schneider steals 2nd base
0-2: Strikes out looking
Batting: RHB Tristan Powell 0-0: Intentional Walk
Batting: RHB Izaak Gerkis 0-0: Foul Ball, location: 2F
0-1: Foul Ball, location: 2F
0-2: Foul Ball, location: 2F
0-2: Strikes out looking
Batting: RHB Thinley Tshering 0-0: Ball
1-0: Reached on error, E4 (Groundball, 4M, EV 85.0 MPH)
Jared Schneider to third
Tristan Powell to second
Batting: RHB Ken Joyner 0-0: Ball
1-0: Foul Ball, location: 2F
1-1: Called Strike
1-2: SINGLE (Groundball, 4MD, EV 106.2 MPH)
Jared Schneider scores
Friday, April 17th, 2020 - OOTP Baseball 20.8 Build 74